 Dungeon Sprint DCSS version 0.17.0-27-g4a3f43e (webtiles) character file.

11003 Kidiri the Unseen (level 11, -13/58 HPs)
             Began as a Spriggan Enchanter on Nov 21, 2015.
             Was the Champion of Dithmenos.
             Mangled by a tentacle (24 damage)
             ... attached to a kraken
             ... in the Dungeon (Sprint III: "The Ten Rune Challenge").
             The game lasted 00:15:39 (2303 turns).

Kidiri the Unseen (Spriggan Enchanter)              Turns: 2303, Time: 00:15:39

Health: -13/58     AC:  4    Str:  4    XL:     11   Next: 43%
Magic:  24/29      EV: 32    Int: 18    God:    Dithmenos [******]
Gold:   16         SH:  0    Dex: 19    Spells: 9 memorised, 7 levels left

rFire  . . .     SeeInvis +     a - +1 dagger
rCold  . . .     Clarity  .     l - +1 robe {rN+}
rNeg   + . .     SustAt   .     (shield restricted)
rPois  .         Gourm    .     (helmet restricted)
rElec  .         Spirit   .     k - +0 cloak
rCorr  .         Warding  .     (gloves unavailable)
rMut   .         NoTele   +     (boots unavailable)
MR     +....                    (no amulet)
Stlth  ++++++++++               (no ring)
                                (no ring)

@: wreathed by umbra, very quick, somewhat resistant to hostile enchantments,
uncannily stealthy
A: unfitting armour, see invisible, herbivore 3, speed 3, slow metabolism 2
a: Shadow Step, Shadow Form, Renounce Religion


You were in the Dungeon.
You worshipped Dithmenos.
Dithmenos was exalted by your worship.
You were not hungry.

You visited 1 branch You collected 16 gold pieces.

Inventory:

Hand Weapons
 a - a +1 dagger (weapon)
Missiles
 b - 10 throwing nets (quivered)
Armour
 k - a +0 cloak (worn)
 l - a +1 robe of positive energy (worn)
Scrolls
 j - a scroll of blinking
 m - 2 scrolls of holy word {unknown}
 o - 4 scrolls of remove curse
Potions
 c - a potion of might
 e - a potion of curing
 f - a potion of heal wounds
 g - a potion of haste
 h - a potion of magic
 p - a potion of ambrosia
 q - a potion of flight
 t - 2 potions of agility {unknown}
Comestibles
 d - 2 bread rations
 i - 6 fruits
 r - 27 royal jellies


   Skills:
 + Level 6.4 Fighting
 * Level 11.8 Short Blades
 + Level 5.7 Armour
 * Level 15.1 Dodging
 * Level 16.8 Stealth
 * Level 13.2 Spellcasting
 + Level 5.7 Conjurations
 + Level 11.0 Hexes
 + Level 9.7 Translocations
 + Level 6.4 Ice Magic
 - Level 2.2 Invocations


You had 7 spell levels left.
You knew the following spells:

 Your Spells              Type           Power        Failure   Level  Hunger
a - Corona                Hex            ######.      1%          1    None
b - Ensorcelled Hibernat  Hex/Ice        #####.       1%          2    None
c - Confuse               Hex            ######..     1%          3    None
d - Tukima's Dance        Hex            ######..     1%          3    None
e - Dazzling Spray        Conj/Hex       #####...     1%          3    None
f - Gell's Gravitas       Hex/Tloc       #####.....   1%          3    None
g - Force Lance           Conj/Tloc      #####...     2%          4    #......
h - Phase Shift           Tloc           #####.....   2%          5    ####...
i - Warp Weapon           Chrm/Tloc      ####......   24%         5    ####...


Dungeon Overview and Level Annotations

Branches:
Dungeon (1/1)

Altars:
Cheibriados
Dithmenos
Elyvilon
Fedhas
Gozag
Kikubaaqudgha
Makhleb
Nemelex Xobeh
Okawaru
Qazlal
Ru
Sif Muna
Trog
Vehumet
Xom
Yredelemnul
Zin
The Shining One
Jiyva
Lugonu


Innate Abilities, Weirdness & Mutations

You are tiny and cannot use many weapons and most armour.
You have supernaturally acute eyesight.
You are a herbivore.
You cover ground extremely quickly.
You need consume almost no food.


Message History

Aim: a kraken (water, umbra, chance to defeat MR: 34%)
The kraken easily resists.
Your shadow mimicks your spell!
The kraken looks drowsy...
Aiming: Shadow Step
Press: ? - help, Dir - move target cursor, f/p - kraken
Aim: a kraken (water, resting, umbra)
You step into the kraken's shadow.
A snapping turtle comes into view.
The helpless kraken fails to defend itself.
You stick the kraken like a pincushion!!!!!
The kraken is severely wounded.
The kraken bites you!!!
Ouch! That really hurt!
* * * LOW HITPOINT WARNING * * *
You emit a cloud of dark smoke.
The snapping turtle hisses angrily.
Tentacles burst out of the water!
The tentacle slaps you!!
You die...

♣%..##%##.#≈≈≈≈≈...#
♣♣.##%##%##'≈≈≈≈§####+#
♣..#.##...#≈≈..§§§§§§#
♣♣.##.##.:#≈..+#######
♣♣.##.#####...#....))#
♣%....##......#♣♣♣._)#
########'#############
▓..........PP▓
▓≈≈..@.....≈≈▓
▓≈≈≈www.PP≈≈≈▓
▓≈≈≈≈≈**§§§≈≈▓
▓≈≈≈≈≈X§§§≈≈≈▓
▓≈≈≈≈≈≈§§§≈≈≈▓
▓≈≈≈≈≈≈§≈§≈≈≈▓
▓≈≈≈≈≈≈≈≈≈≈≈≈▓
▓≈≈≈≈≈≈≈≈≈≈≈≈▓
▓≈≈≈≈≈≈≈t≈≈≈≈▓


You could see a kraken and 3 tentacles.

Vanquished Creatures
  Maud (D)
  2 hydras (D)
  Erolcha (D)
  A death drake (D)
  A lindwurm (D)
  A spriggan druid (D)
  2 spiny frogs (D)
  A komodo dragon (D)
  A deep elf priest (D)
  3 wandering mushrooms (D)
  A queen bee (D)
  A snapping turtle (D)
  A shadow (D)
  4 redbacks (D)
  2 spriggans (D)
  2 trapdoor spiders (D)
  2 hill giants (D)
  A spatial vortex (D)
  A necrophage (D)
  2 brain worms (D)
  A two-headed ogre (D)
  A water elemental (D)
  32 killer bees (D)
  An electric eel (D)
  A jelly (D)
  A wizard (D)
  Crazy Yiuf (D)
  Jessica (D)
  A necromancer (D)
  3 humans (D)
  A kobold demonologist (D)
  3 rats (D)
  A plant (D)
79 creatures vanquished.

Vanquished Creatures (collateral kills)
  2 two-headed ogres (D)
2 creatures vanquished.

Vanquished Creatures (others)
  2 draconian scorchers (D)
  2 yaktaurs (D)
  A fungus (D)
  A plant (D)
  21 tentacles (D)
  68 tentacle segments (D)
95 creatures vanquished.

Grand Total: 176 creatures vanquished

Notes
Turn   | Place    | Note
--------------------------------------------------------------
     0 | D        | Kidiri the Spriggan Enchanter began the quest for the Orb.
     0 | D        | Reached XP level 1. HP: 9/9 MP: 5/5
    18 | D        | Noticed Jessica
    21 | D        | Killed Jessica
    21 | D        | Reached skill level 7 in Stealth
    21 | D        | Reached skill level 5 in Hexes
    21 | D        | Reached XP level 2. HP: 13/13 MP: 5/7
    28 | D        | Learned a level 2 spell: Ensorcelled Hibernation
    62 | D        | Reached skill level 1 in Ice Magic
    62 | D        | Reached XP level 3. HP: 11/16 MP: 4/9
    67 | D        | Learned a level 3 spell: Confuse
    71 | D        | Learned a level 3 spell: Dazzling Spray
    95 | D        | Killed a yaktaur
   114 | D        | Killed a yaktaur
   156 | D        | Noticed Crazy Yiuf
   163 | D        | Killed Crazy Yiuf
   163 | D        | Reached skill level 5 in Dodging
   163 | D        | Reached XP level 4. HP: 21/21 MP: 9/11
   175 | D        | Learned a level 3 spell: Tukima's Dance
   196 | D        | Gained mutation: Your spells are a little easier to cast, but a little less powerful. [potion of mutation]
   196 | D        | Gained mutation: You are partially covered in rugged brown scales (AC +1, +3% HP). [potion of mutation]
   196 | D        | Gained mutation: You occasionally shout uncontrollably at your foes. [potion of mutation]
   197 | D        | Gained mutation: You are dopey. (Int -2) [potion of mutation]
   198 | D        | Lost mutation: You are dopey. (Int -2) [potion of cure mutation]
   198 | D        | Lost mutation: You occasionally shout uncontrollably at your foes. [potion of cure mutation]
   198 | D        | Lost mutation: You are partially covered in rugged brown scales (AC +1, +3% HP). [potion of cure mutation]
   209 | D        | Killed a white draconian scorcher
   223 | D        | Noticed a water elemental
   244 | D        | Killed a water elemental
   244 | D        | Reached skill level 1 in Fighting
   244 | D        | Reached skill level 1 in Armour
   244 | D        | Reached skill level 8 in Stealth
   244 | D        | Reached skill level 5 in Spellcasting
   244 | D        | Reached skill level 1 in Conjurations
   257 | D        | Killed a white draconian scorcher
   323 | D        | Noticed a jelly
   324 | D        | Noticed a shadow
   326 | D        | Killed a shadow
   326 | D        | Reached skill level 10 in Stealth
   326 | D        | Reached XP level 5. HP: 24/26 MP: 13/15
   326 | D        | Reached XP level 6. HP: 27/30 MP: 13/16
   334 | D        | Killed a jelly
   381 | D        | Found a stormy altar of Qazlal.
   382 | D        | Found a sacrificial altar of Ru.
   382 | D        | Found a burning altar of Makhleb.
   382 | D        | Found a viscous altar of Jiyva.
   382 | D        | Found a shimmering altar of Xom.
   382 | D        | Found a shadowy altar of Dithmenos.
   382 | D        | Found a sparkling altar of Nemelex Xobeh.
   382 | D        | Found a corrupted altar of Lugonu.
   382 | D        | Found an opulent altar of Gozag.
   382 | D        | Noticed a spatial vortex
   386 | D        | Became a worshipper of Dithmenos the Shadowed
   388 | D        | Killed a spatial vortex
   388 | D        | Reached skill level 5 in Short Blades
   388 | D        | Reached skill level 1 in Invocations
   478 | D        | Found a radiant altar of Vehumet.
   479 | D        | Found a deep blue altar of Sif Muna.
   479 | D        | Found an ancient bone altar of Kikubaaqudgha.
   479 | D        | Noticed a wizard
   480 | D        | Killed a wizard
   482 | D        | Reached * piety under Dithmenos
   496 | D        | Learned a level 3 spell: Gell's Gravitas
   501 | D        | Learned a level 4 spell: Force Lance
   509 | D        | Found a glowing silver altar of Zin.
   510 | D        | Found a glowing golden altar of the Shining One.
   510 | D        | Found a white marble altar of Elyvilon.
   510 | D        | Noticed a deep elf priest
   516 | D        | Killed a deep elf priest
   516 | D        | Reached skill level 11 in Stealth
   516 | D        | Reached XP level 7. HP: 36/36 MP: 12/19
   525 | D        | Lost mutation: Your spells are a little easier to cast, but a little less powerful. [potion of cure mutation]
   561 | D        | Found an iron altar of Okawaru.
   562 | D        | Found a bloodstained altar of Trog.
   562 | D        | Noticed a human
   562 | D        | Noticed a human
   566 | D        | Killed a human
   572 | D        | Killed a human
   646 | D        | Found a snail-covered altar of Cheibriados.
   646 | D        | Noticed a necrophage
   647 | D        | Found a basalt altar of Yredelemnul.
   647 | D        | Found a blossoming altar of Fedhas.
   647 | D        | Noticed a necromancer
   648 | D        | Killed a necrophage
   648 | D        | Reached ** piety under Dithmenos
   648 | D        | Reached skill level 10 in Dodging
   648 | D        | Reached skill level 12 in Stealth
   648 | D        | Reached XP level 8. HP: 40/40 MP: 21/21
   649 | D        | Killed a necromancer
   672 | D        | Learned a level 5 spell: Phase Shift
   674 | D        | Noticed a two-headed ogre
   674 | D        | Noticed a two-headed ogre
   680 | D        | Noticed a two-headed ogre
   684 | D        | Killed a two-headed ogre
   690 | D        | Killed a two-headed ogre
   693 | D        | Killed a two-headed ogre
   693 | D        | Reached *** piety under Dithmenos
   759 | D        | Noticed a hill giant
   762 | D        | Killed a hill giant
   769 | D        | Noticed a hill giant
   769 | D        | Noticed Erolcha
   775 | D        | Killed a hill giant
   777 | D        | Killed Erolcha
   777 | D        | Reached skill level 13 in Stealth
   777 | D        | Reached skill level 10 in Spellcasting
   777 | D        | Reached skill level 5 in Translocations
   777 | D        | Reached XP level 9. HP: 42/45 MP: 17/24
   778 | D        | Noticed a redback
   815 | D        | Killed a redback
   815 | D        | Reached **** piety under Dithmenos
   818 | D        | Noticed a trapdoor spider
   828 | D        | Killed a trapdoor spider
   830 | D        | Noticed a trapdoor spider
   838 | D        | Killed a trapdoor spider
  1190 | D        | Noticed a killer bee
  1190 | D        | Noticed a killer bee
  1190 | D        | Noticed a killer bee
  1190 | D        | Noticed a killer bee
  1190 | D        | Noticed a killer bee
  1190 | D        | Noticed a killer bee
  1190 | D        | Noticed a killer bee
  1190 | D        | Noticed a killer bee
  1190 | D        | Noticed a killer bee
  1190 | D        | Noticed a killer bee
  1190 | D        | Noticed a killer bee
  1190 | D        | Noticed a killer bee
  1190 | D        | Noticed a queen bee
  1190 | D        | Noticed a killer bee
  1190 | D        | Noticed a killer bee
  1191 | D        | Noticed a killer bee
  1191 | D        | Noticed a killer bee
  1191 | D        | Noticed a killer bee
  1191 | D        | Noticed a killer bee
  1191 | D        | Noticed a killer bee
  1191 | D        | Noticed a killer bee
  1191 | D        | Noticed a killer bee
  1191 | D        | Noticed a killer bee
  1191 | D        | Noticed a killer bee
  1191 | D        | Noticed a killer bee
  1191 | D        | Noticed a killer bee
  1191 | D        | Noticed a killer bee
  1191 | D        | Noticed a killer bee
  1191 | D        | Noticed a killer bee
  1191 | D        | Noticed a killer bee
  1191 | D        | Noticed a killer bee
  1191 | D        | Noticed a killer bee
  1191 | D        | Noticed a killer bee
  1194 | D        | Killed a killer bee
  1194 | D        | Killed a killer bee
  1195 | D        | Killed a killer bee
  1195 | D        | Killed a killer bee
  1195 | D        | Reached ***** piety under Dithmenos
  1195 | D        | Killed a killer bee
  1195 | D        | Killed a killer bee
  1195 | D        | Killed a killer bee
  1196 | D        | Killed a killer bee
  1196 | D        | Killed a killer bee
  1196 | D        | Killed a killer bee
  1196 | D        | Killed a killer bee
  1196 | D        | Reached skill level 5 in Ice Magic
  1196 | D        | Killed a killer bee
  1196 | D        | Killed a killer bee
  1196 | D        | Reached skill level 14 in Stealth
  1197 | D        | Killed a killer bee
  1197 | D        | Killed a killer bee
  1197 | D        | Killed a killer bee
  1197 | D        | Reached ****** piety under Dithmenos
  1197 | D        | Killed a killer bee
  1198 | D        | Killed a killer bee
  1198 | D        | Killed a killer bee
  1198 | D        | Killed a killer bee
  1198 | D        | Killed a killer bee
  1198 | D        | Killed a killer bee
  1199 | D        | Killed a killer bee
  1199 | D        | Killed a killer bee
  1214 | D        | Killed a killer bee
  1225 | D        | Killed a killer bee
  1473 | D        | Killed a killer bee
  1485 | D        | Killed a killer bee
  1486 | D        | Killed a killer bee
  1486 | D        | Killed a killer bee
  1486 | D        | Reached skill level 5 in Fighting
  1486 | D        | Reached XP level 10. HP: 49/51 MP: 13/26
  1489 | D        | Killed a killer bee
  1492 | D        | Killed a queen bee
  1494 | D        | Killed a killer bee
  1584 | D        | Learned a level 5 spell: Warp Weapon
  1652 | D        | Noticed a wandering mushroom
  1653 | D        | Noticed a wandering mushroom
  1653 | D        | Noticed a wandering mushroom
  1654 | D        | Killed a wandering mushroom
  1656 | D        | Killed a wandering mushroom
  1656 | D        | Reached skill level 10 in Short Blades
  1657 | D        | Killed a wandering mushroom
  1700 | D        | Noticed a spiny frog
  1700 | D        | Noticed a komodo dragon
  1700 | D        | Noticed a spiny frog
  1703 | D        | Killed a spiny frog
  1705 | D        | Killed a spiny frog
  1705 | D        | Reached skill level 15 in Stealth
  1706 | D        | Killed a komodo dragon
  1706 | D        | Reached skill level 10 in Hexes
  1714 | D        | Noticed a redback
  1716 | D        | Killed a redback
  1717 | D        | Noticed a brain worm
  1720 | D        | Killed a brain worm
  1726 | D        | Noticed a brain worm
  1728 | D        | Killed a brain worm
  1728 | D        | Reached skill level 5 in Conjurations
  1734 | D        | Noticed a lindwurm
  1736 | D        | Noticed a redback
  1737 | D        | Killed a lindwurm
  1737 | D        | Reached skill level 5 in Armour
  1740 | D        | Killed a redback
  1745 | D        | Noticed a redback
  1746 | D        | Killed a redback
  1747 | D        | Noticed Maud
  1750 | D        | Killed Maud
  1750 | D        | Reached skill level 16 in Stealth
  1750 | D        | Reached XP level 11. HP: 54/56 MP: 28/28
  1754 | D        | Noticed an electric eel
  1755 | D        | Noticed an eight-headed hydra
  1755 | D        | Noticed a six-headed hydra
  1759 | D        | Killed an electric eel
  1761 | D        | Killed an eight-headed hydra
  1762 | D        | Killed a six-headed hydra
  1799 | D        | Noticed a death drake
  1802 | D        | Killed a death drake
  1812 | D        | Found a blossoming altar of Fedhas.
  1812 | D        | Noticed a spriggan
  1812 | D        | Noticed a spriggan druid
  1812 | D        | Noticed a spriggan
  1814 | D        | Killed a spriggan druid
  1814 | D        | Reached skill level 15 in Dodging
  1815 | D        | Killed a spriggan
  1816 | D        | Killed a spriggan
  1839 | D        | Noticed a snapping turtle
  1842 | D        | Noticed a kraken
  1894 | D        | Killed a snapping turtle
  2299 | D        | Noticed a snapping turtle
  2303 | D        | Mangled by a tentacle

Action                   |  1- 3 |  4- 6 |  7- 9 | 10-12 || total
-------------------------+-------+-------+-------+-------++-------
Melee: Dagger            |     9 |    16 |    29 |    32 ||    86
 Cast: Ensorcelled Hiber |     1 |     2 |    13 |     8 ||    24
       Corona            |     1 |       |       |       ||     1
       Dazzling Spray    |       |     3 |    12 |    13 ||    28
       Confuse           |       |       |     2 |       ||     2
       Tukima's Dance    |       |       |     1 |       ||     1
       Gell's Gravitas   |       |       |     6 |     2 ||     8
Invok: Shadow Step       |       |       |       |     6 ||     6
  Use: Potion            |       |     4 |     2 |       ||     6
       Scroll            |       |     3 |       |       ||     3
 Stab: Sleeping          |     6 |     5 |     8 |    25 ||    44
       Invisible         |       |     1 |     5 |       ||     6
       Confused          |       |       |     1 |       ||     1
